 Dungeon Crawl Stone Soup version 0.21.1-1-g345015fe64 (webtiles) character file.

884 Kohma the Spear-Bearer (level 8, -8/56 HPs)
             Began as a Merfolk Gladiator on June 9, 2018.
             Mangled by an orc warrior
             ... wielding a +0 scimitar
              (16 damage)
             ... on level 4 of the Dungeon.
             The game lasted 00:21:45 (5996 turns).

Kohma the Spear-Bearer (Merfolk Gladiator)          Turns: 5996, Time: 00:21:46

Health: -8/56      AC:  6    Str: 14    XL:     8   Next: 5%
Magic:  8/8        EV: 16    Int:  7    God:
Gold:   94         SH:  0    Dex: 18    Spells: 7/7 levels left

rFire    . . .     SeeInvis +   a - +0 trident
rCold    . . .     Gourm    .   (no shield)
rNeg     . . .     Faith    .   w - +0 leather armour
rPois    .         Spirit   .   i - +2 hat
rElec    .         Reflect  .   (no cloak)
rCorr    .         Harm     .   (no gloves)
MR       .....                  u - +0 pair of boots
Stlth    +.........             (no amulet)
HPRegen  0.18/turn              l - ring of see invisible
MPRegen  0.11/turn              (no ring)

@: drained
A: change form in water, swift swim, stealthy swim
a: no special abilities


You were on level 4 of the Dungeon.
You were not hungry.

You visited 1 branch of the dungeon, and saw 6 of its levels.

You collected 234 gold pieces.
You spent 140 gold pieces at shops.

Inventory:

Hand Weapons
 a - a +0 trident (weapon)
 e - a +0 mace of holy wrath
Missiles
 d - 3 throwing nets (quivered)
 n - 3 javelins
 o - 7 tomahawks
 v - 3 silver tomahawks
Armour
 i - a +2 hat (worn)
 u - a +0 pair of boots (worn)
 w - a +0 leather armour (worn)
Jewellery
 l - a ring of see invisible (left hand)
Wands
 r - a wand of iceblast (7)
Scrolls
 B - a scroll of magic mapping
Potions
 g - a potion of berserk rage
 h - 6 potions of curing
 j - a potion of haste {unknown}
 k - 2 potions of cancellation
 m - 3 potions of agility
 z - a potion of might
 A - a potion of lignification
 E - a potion of magic {unknown}
Comestibles
 f - 3 rations


   Skills:
 - Level 2.1(1.1) Fighting
 * Level 11.1(9.7) Polearms
 - Level 2.0(0.9) Throwing
 + Level 7.7(6.5) Dodging


You had 7 spell levels left.
You didn't know any spells.

Dungeon Overview and Level Annotations

Branches:
Dungeon (6/15)
 Temple: D:4-7

Altars:
Ashenzari
Gozag
Wu Jian
Xom

Shops:
D:4 !

Annotations:
D:4 potion of experience in shop
D:6 2 transporters


Message History

The orc warrior is moderately wounded.
The orc warrior misses you.
You puncture the orc warrior!
The orc warrior is heavily wounded.
The orc warrior closely misses you.
You barely miss the orc warrior.
The orc warrior is heavily wounded.
You hit the orc warrior but do no damage.
The orc warrior is heavily wounded.
The orc warrior hits you with a scimitar!
* * * LOW HITPOINT WARNING * * *
You hit the orc warrior but do no damage.
The orc warrior is heavily wounded.
The orc warrior barely misses you.
You hit the orc warrior but do no damage.
The orc warrior is heavily wounded.
You hit the orc warrior but do no damage.
The orc warrior is heavily wounded.
The orc warrior hits you with a scimitar!
You die...

######## #.......
######## #.#####.
#......# #....<..
#.####.# ######.##....
#.####.###.........##.
#.#........####.#####.
#....@...### #.......
#...##o#.# ########
#..!...#.#
##..>.##.#########
#.##.##.#.......#
#.##.##.#(......#####
#.......#.......##...
####.####.......##..#
######.# #.......##..#


You could see an orc warrior.

Vanquished Creatures
  An ogre (D:5)
  3 phantoms
  A scorpion (D:4)
  The ghost of rupin the Ruffian, a weakling OgTm of Okawaru (D:3)
  A crimson imp (D:4)
  A hound (D:5)
  Natasha (thrice) (D:5)
  An iguana (D:5)
  An orc wizard (D:4)
  2 worker ants (D:4)
  Robin (D:1)
  4 gnolls
  2 adders
  A howler monkey skeleton (D:5)
  2 adder skeletons
  3 worms
  2 dart slugs
  4 leopard geckos
  13 orcs
  A ball python (D:5)
  3 giant cockroaches
  12 hobgoblins
  9 jackals
  4 kobolds
  4 bats
  5 frilled lizards
  13 goblins
  A quokka skeleton (D:4)
  7 rats
106 creatures vanquished.

Notes
Turn   | Place    | Note
-------+----------+-------------------------------------------
     0 | D:1      | Kohma the Merfolk Gladiator began the quest for the Orb.
     0 | D:1      | Reached XP level 1. HP: 16/16 MP: 1/1
   130 | D:1      | Reached skill level 5 in Polearms
   130 | D:1      | Reached XP level 2. HP: 21/22 MP: 2/2
   482 | D:1      | Reached XP level 3. HP: 27/27 MP: 3/3
   538 | D:2      | Noticed Robin
  1343 | D:1      | Reached skill level 6 in Polearms
  1477 | D:1      | Killed Robin
  1477 | D:1      | Reached XP level 4. HP: 15/33 MP: 4/4
  1808 | D:2      | Reached skill level 5 in Dodging
  2060 | D:3      | Found an ornate altar of the Wu Jian Council.
  2060 | D:3      | Found an opulent altar of Gozag.
  2187 | D:3      | Found a shimmering altar of Xom.
  2189 | D:3      | Found a faded altar of an unknown god.
  2190 | D:3      | Found a shattered altar of Ashenzari.
  2282 | D:3      | Noticed rupin's ghost (weakling OgTm)
  2303 | D:3      | Killed rupin's ghost
  2303 | D:3      | Reached skill level 7 in Polearms
  2303 | D:3      | Reached XP level 5. HP: 11/38 MP: 5/5
  2696 | D:5      | Entered Level 5 of the Dungeon
  3232 | D:4      | Reached skill level 8 in Polearms
  3255 | D:4      | Reached XP level 6. HP: 3/44 MP: 6/6
  3638 | D:4      | Noticed Natasha
  3677 | D:5      | Killed Natasha
  3820 | D:4      | Noticed a phantom
  3850 | D:4      | Killed a phantom
  3850 | D:4      | Reached skill level 9 in Polearms
  3949 | D:4      | Found Cexe's Distillery.
  3957 | D:4      | Bought a potion of curing for 42 gold pieces
  3957 | D:4      | Bought a potion of might for 56 gold pieces
  3957 | D:4      | Bought a potion of lignification for 42 gold pieces
  4266 | D:4      | Found a shattered altar of Ashenzari.
  4481 | D:4      | Reached XP level 7. HP: 21/50 MP: 7/7
  4747 | D:5      | Noticed Natasha
  4753 | D:5      | Killed Natasha
  4819 | D:5      | Reached skill level 10 in Polearms
  4970 | D:5      | Noticed Natasha
  4977 | D:5      | Killed Natasha
  5634 | D:6      | Reached skill level 11 in Polearms
  5634 | D:6      | Reached XP level 8. HP: 36/56 MP: 8/8
  5656 | D:6      | Noticed a kobold demonologist
  5659 | D:6      | Found a transporter.
  5664 | D:6      | Found a transporter.
  5996 | D:4      | Mangled by an orc warrior

Skill      XL: |  1  2  3  4  5  6  7 |
---------------+----------------------+-----
Polearms       | 5 6 7 8 9 11 | 11.1
Dodging        | 5 6 7 |  7.7
Fighting       | |  2.1
Throwing       | |  2.0

Action                   |  1- 3 |  4- 6 |  7- 9 || total
-------------------------+-------+-------+-------++-------
Melee: Trident           |   142 |   224 |   126 ||   492
Evoke: Wand              |       |     3 |       ||     3
  Use: Scroll            |     5 |     5 |     4 ||    14
 Stab: Sleeping          |       |     4 |       ||     4
       Distracted        |       |     1 |       ||     1
  Eat: Ration            |     1 |     2 |       ||     3
       Chunk             |       |     1 |     5 ||     6
Armor: Leather armour    |    17 |    39 |    18 ||    74
Dodge: Dodged            |    96 |   139 |    81 ||   316
